AoeStats
← Cinnamoroll

African Clearing

505167156Analyzed
4v4 RM · 25d ago on Sep 8, 2026· 43m 46s· 8 players
Game mode
Random Map
Map size
Large (8 player)
Population
200
Speed
Normal
Resources
Standard
Victory
Conquest
Starting age
Dark Age
Ending age
Imperial Age
RankedLock teamsTeams togetherTeam positionsShared explorationLock speedFull tech treeHidden civsTurbo modeCheats
Victory
Defeat
🇨🇦 Gurjaras · Canada
1545
+18
🇨🇳 Teutons · China
1511
+20
🇨🇳 Italians · China
1500
+20
🇨🇳 Aztecs · China
1426
+22
🇦🇷 Malay · Argentina
1591
-20
🇲🇽 Romans · Mexico
1589
-20
🇲🇽 Burmese · Mexico
1588
-20
🇲🇽 Koreans · Mexico
1585
-20
Cinnamoroll
9:05 Loom
11:52 Feudal Age
12:27 Double-Bit Axe
17:31 Fletching
24:58 Castle Age
22:58 Horse Collar
24:53 Gold Mining
26:27 Bow Saw
26:44 Heavy Plow
27:17 Sanctity
27:34 Redemption
30:33 Fervor
38:19 Imperial Age
35:23 Elite Skirmisher
36:53 Wheelbarrow
37:18 Padded Archer Armor
37:13 Bodkin Arrow
37:54 Ballistics
37:34 Stone Mining
38:33 Leather Archer Armor
38:39 Town Watch
39:06 Bracer
41:57 Chemistry
42:33 Conscription
44:00 Hand Cart
麦辣鸡翅
11:55 Loom
13:58 Feudal Age
17:51 Castle Age
15:37 Double-Bit Axe
16:34 Fletching
23:22 Bow Saw
27:35 Wheelbarrow
33:41 Imperial Age
34:51 Conscription
36:04 Padded Archer Armor
37:12 Hand Cart
36:58 Bodkin Arrow
37:58 Town Watch
38:50 Bracer
39:53 Chemistry
39:13 Ballistics
40:01 Gold Mining
40:32 Squires
40:19 Arson
40:42 Scale Mail Armor
40:52 Forging
香辣鸡翅
8:32 Loom
14:24 Feudal Age
18:38 Castle Age
16:30 Double-Bit Axe
31:07 Gold Mining
38:21 Bow Saw
42:12 Wheelbarrow
吮指原味鸡
5:27 Loom
10:42 Loom
12:27 Feudal Age
10:52 Loom
12:38 Feudal Age
17:36 Castle Age
15:30 Double-Bit Axe
16:50 Scale Barding Armor
17:22 Town Watch
17:21 Horse Collar
21:28 Bow Saw
23:07 Wheelbarrow
27:27 Chain Barding Armor
27:53 Bloodlines
28:54 Forging
29:05 Gold Mining
34:32 Imperial Age
33:09 Iron Casting
34:38 Heavy Plow
35:36 Conscription
34:40 Cavalier
36:07 Plate Barding Armor
38:57 Capped Ram
42:05 Blast Furnace
43:20 Paladin
Daniel
4:26 Loom
12:28 Feudal Age
13:13 Double-Bit Axe
16:51 Wheelbarrow
16:32 Fletching
24:07 Castle Age
24:36 Crossbowman
25:41 Bodkin Arrow
27:58 Stone Mining
28:14 Horse Collar
30:35 Town Watch
34:11 Bow Saw
35:21 Heavy Plow
40:22 Imperial Age
38:20 Gold Mining
40:03 Gold Shaft Mining
40:42 Ballistics
40:24 Capped Ram
40:36 Arbalester
41:29 Bracer
43:52 Chemistry
Trazo_
6:25 Loom
10:58 Feudal Age
11:45 Double-Bit Axe
12:08 Horse Collar
16:29 Wheelbarrow
16:50 Fletching
Mike
6:18 Loom
12:43 Feudal Age
12:52 Double-Bit Axe
21:46 Castle Age
19:49 Fletching
20:10 Gold Mining
21:01 Padded Archer Armor
21:13 Crossbowman
22:43 Bodkin Arrow
26:21 Bow Saw
27:08 Ballistics
32:22 Imperial Age
31:10 Arbalester
32:16 Bracer
33:25 Chemistry
34:11 Leather Archer Armor
35:33 Pikeman
36:44 Forging
37:13 Halberdier
39:01 Squires
39:59 Iron Casting
ElSucioDan_
2:43 Loom
13:43 Feudal Age
18:13 Castle Age
20:37 Town Watch
23:42 Wheelbarrow
23:17 Padded Archer Armor
24:05 Gold Mining
31:52 Husbandry
35:02 Bloodlines
37:31 Guard Tower
40:25 Ballistics
40:00 Fletching
40:41 Bodkin Arrow
Connection lost

Rejoining the realm…

Still unreachable

The connection could not be restored.

Session expired

The server has moved on; the page needs a fresh start.